 Dungeon Crawl Stone Soup version 0.22-a0-525-gf69a080 (webtiles) character file.

67 gmonis the Cudgeler (level 3, -2/31 HPs)
             Began as a Minotaur Berserker on June 20, 2018.
             Was a Believer of Trog.
             Slain by a centaur (4 damage)
             ... on level 2 of the Dungeon.
             The game lasted 00:01:29 (1476 turns).

gmonis the Cudgeler (Minotaur Berserker)            Turns: 1476, Time: 00:01:30

Health: -2/31      AC:  2    Str: 21    XL:     3   Next: 98%
Magic:  2/2        EV: 12    Int:  4    God:    Trog [**....]
Gold:   93         SH:  0    Dex: 10    Spells: 2/2 levels left

rFire    . . .     SeeInvis .   a - +0 mace
rCold    . . .     Gourm    .   (no shield)
rNeg     . . .     Faith    .   b - +0 animal skin
rPois    .         Spirit   .   (helmet restricted)
rElec    .         Reflect  .   (no cloak)
rCorr    .         Harm     .   (no gloves)
MR       .....                  (no boots)
Stlth    +.........             (no amulet)
HPRegen  0.10/turn              (no ring)
MPRegen  0.08/turn              (no ring)

@: no status effects
A: retaliatory headbutt, horns 2
a: Berserk, Trog's Hand, Renounce Religion


You were on level 2 of the Dungeon.
You worshipped Trog.
Trog was pleased with you.
You were not hungry.

You visited 1 branch of the dungeon, and saw 2 of its levels.

You collected 93 gold pieces.

Inventory:

Hand Weapons
 a - a +0 mace (weapon)
Missiles
 e - 87 stones (quivered)
Armour
 b - a +0 animal skin (worn)
Scrolls
 f - 2 scrolls of identify {unknown}
Potions
 d - a potion of agility {unknown}
 g - a potion of might {unknown}
 h - a potion of heal wounds {unknown}
 i - a potion of berserk rage {unknown}
Comestibles
 c - 5 rations


   Skills:
 - Level 3.6 Fighting
 + Level 5.9 Maces & Flails
 - Level 2.4 Armour
 - Level 2.1 Dodging


You had 2 spell levels left.
You didn't know any spells.
Your spell library was empty.

Dungeon Overview and Level Annotations

Branches:
Dungeon (2/15)

Altars:
Dithmenos


Innate Abilities, Weirdness & Mutations

You reflexively headbutt those who attack you in melee.
You have a pair of horns on your head.


Message History

The centaur unwields an uncursed shortbow.
The centaur barely misses you. You furiously retaliate!
You headbutt the centaur! You hit the centaur but do no damage.
Your headbutt misses the centaur.
The centaur is almost dead.
The centaur misses you. The centaur hits you!
You barely miss the centaur.
The centaur is almost dead.
The centaur hits you!
* * * LOW HITPOINT WARNING * * *
You are too injured to fight recklessly!
You are too injured to fight recklessly!
You are too injured to fight recklessly!
You are too injured to fight recklessly!
You hit the centaur but do no damage.
The centaur is almost dead.
The centaur hits you!
* * * LOW HITPOINT WARNING * * *
The centaur hits you.
You die...

.......# ......#
.......######..........≈
≈......#
......................≈≈
≈..####
................$.....≈≈
......
#.....................≈≈
......
.......................≈
......
..)............#.......#
......
.............†.#c......#
......
...###......(..#@.......
...... ...#
#......(..#(..$....
...... ...#
##.......(..)......
...... ...#
#..............###
#..... ...#
#.........(.......
#..... ...#
####...#####......
###... ...# #.....
...... #... #......
....(. ..... .........
...... ......


You could see a centaur.

Vanquished Creatures
  2 adders (D:2)
  2 worms (D:2)
  A dart slug (D:1)
  3 leopard geckos (D:1)
  4 bats
  4 giant cockroaches
  4 goblins
  5 hobgoblins
  4 jackals (D:1)
  4 kobolds
  A frilled lizard (D:1)
  3 rats
37 creatures vanquished.

Notes
Turn   | Place    | Note
-------+----------+-------------------------------------------
     0 | D:1      | gmonis the Minotaur Berserker began the quest for the Orb.
     0 | D:1      | Reached XP level 1. HP: 19/19 MP: 0/0
    60 | D:1      | Reached skill level 4 in Maces & Flails
   112 | D:1      | Reached XP level 2. HP: 24/26 MP: 1/1
   812 | D:1      | Reached skill level 5 in Maces & Flails
   814 | D:1      | Reached XP level 3. HP: 27/31 MP: 2/2
  1335 | D:2      | Found a shadowy altar of Dithmenos.
  1340 | D:2      | Reached ** piety under Trog
  1468 | D:2      | Noticed a centaur
  1476 | D:2      | Slain by a centaur

Vault maps used:
D:1:      minmay_arrival_solitary_statue
D:2:      kennysheep_slug_shrine, overflow_temple_1_default

Skill      XL: |  1  2 |
---------------+-------+-----
Maces & Flails | 4 5 |  5.9
Fighting       | |  3.6
Armour         | |  2.4
Dodging        | |  2.1

Action                   || total
-------------------------++-------
Melee: Mace              ||    68
       Headbutt          ||    11
  Eat: Chunk             ||     2
Armor: Animal skin       ||     4
Dodge: Dodged            ||    50

Table legend:
 A = Spawn XP
 B = Non-spawn XP
 C = Spawn XP percentage of total XP
 D = Spawn monster count
 E = Non-spawn monster count
 F = Spawn count percentage of total count
 G = Total turns spent on level
                    A         B        C        D         E        F      G
               +---------+---------+-------+---------+---------+-------+---------
         Total |       0 |      96 |   0.0 |       0 |      37 |   0.0 |  1476
               +---------+---------+-------+---------+---------+-------+---------
           D:1 |       0 |      46 |   0.0 |       0 |      24 |   0.0 |  1171
           D:2 |       0 |      50 |   0.0 |       0 |      13 |   0.0 |   305
               +---------+---------+-------+---------+---------+-------+---------
